 Dungeon Crawl Stone Soup version 0.24.1-14-gf8d2b509d9 (webtiles) character file.

Game seed: 18061315375024765507, levelgen mode: deterministic

100 TripHop the Scratcher (level 4, -2/22 HPs)
             Began as a Felid Wanderer on Feb 6, 2021.
             Slain by a hobgoblin (3 damage)
             ... on level 3 of the Dungeon.
             The game lasted 00:10:26 (3548 turns).

TripHop the Scratcher (Felid Wanderer)              Turns: 3548, Time: 00:10:27

Health: -2/22      AC:  1    Str:  8    XL:     4   Next: 47%
Magic:  5/5        EV: 18    Int: 13    God:
Gold:   233        SH:  0    Dex: 17    Spells: 3/3 levels left
                                        Lives:  0   Deaths: 1

rFire    . . .     SeeInvis +     - Unarmed
rCold    . . .     Gourm    .   (shield unavailable)
rNeg     . . .     Faith    .   (armour unavailable)
rPois    .         Spirit   .   (helmet unavailable)
rElec    .         Reflect  .   (cloak unavailable)
rCorr    .         Harm     .   (gloves unavailable)
MR       .....                  (boots unavailable)
Stlth    +++.......             (no amulet)
HPRegen  0.07/turn              (no ring)
MPRegen  0.09/turn              (no ring)

@: quick
A: very small, no armour, no weapons or thrown items, stealth, claws 1, fangs 3,
see invisible, carnivore, speed 1, shaggy fur 1, slow metabolism 1, sharp paws
a: no special abilities


You were on level 3 of the Dungeon.
You were not hungry.

You visited 1 branch of the dungeon, and saw 3 of its levels.

You collected 233 gold pieces.


Innate Abilities, Weirdness & Mutations

You cannot wear armour.
You are incapable of wielding weapons or throwing items.
Your paws allow you to move quietly. (Stealth)
You have sharp claws.
You have razor-sharp teeth.
You have supernaturally acute eyesight. (SInv)
You are carnivorous and can eat meat at any time.
You cover ground quickly.
You are covered in fur. (AC +1)
You have a slow metabolism.
Your sharp claws are effective at attacking unaware monsters.


   Skills:
 + Level 4.6 Fighting
 + Level 2.9 Dodging
 + Level 3.5 Stealth
 * Level 5.3 Unarmed Combat
 - Level 1.1 Evocations


You had 3 spell levels left.
You didn't know any spells.
Your spell library was empty.

Inventory:

Jewellery
 e - an uncursed ring of fire {unknown}
Wands
 n - a wand of random effects (16)
Scrolls
 a - a scroll of fear
 k - a scroll of enchant armour {unknown}
 l - a scroll of fog {unknown}
Potions
 b - 2 potions of haste {@q3}
 c - 5 potions of curing {@q1}
 f - a potion of heal wounds {unknown}
 g - a potion of brilliance
 h - 2 potions of mutation {!q}
 j - 2 potions of flight
 m - a potion of resistance
Comestibles
 d - 4 rations {@e1}

Dungeon Overview and Level Annotations

Branches:
Dungeon (3/15)

Altars:
Trog

Annotations:
D:2 Sigmund
D:3 Crazy Yiuf, Robin

....##....#...##.# #.#
..............(..#########.#
..####..##............).>#.#
...####..............###.#.#
......####################.###
#.#####......................#
#.. #..▒...▒...▒...▒...▒..##
###. #⚑.........g..........# .
#..▒...▒..@▒...▒...▒..# ## .
#..........o.......†)## .#
####################"# ...
...#####.### ##. #.....o...#
... ...####....o# #.. .o..o..#
. ........# ▒........#


You could see an orc wizard (invisible) and a hobgoblin.


Message History

You scratch the orc wizard. You bite the orc wizard.
The orc wizard is moderately wounded.
The orc wizard hits you with a +0 dagger.
You barely miss the orc wizard.
The orc wizard is moderately wounded.
The orc wizard hits you with a +0 dagger.
The orc hits you with a +0 war axe!
* * * LOW HITPOINT WARNING * * *
The orc wizard mumbles some strange words.
The orc wizard flickers and vanishes for a moment.
Unknown command.
Evoke which item? (* to show all) (? for menu, Esc to quit)
Aiming: Random Effects
Press: ? - help, Shift-Dir - straight line, f - orc
Aim: an orc, wielding a +0 war axe The orc looks slightly unstable.
You scratch the orc.
You kill the orc!
You closely miss the orc wizard.
You bite the orc wizard, but do no damage.
The orc wizard is moderately wounded.
The orc wizard hits you with a +0 dagger.
* * * LOW HITPOINT WARNING * * *
The hobgoblin hits you.
* * * LOW HITPOINT WARNING * * *
You barely miss the hobgoblin.
The orc wizard hits you with a +0 dagger.
* * * LOW HITPOINT WARNING * * *
The hobgoblin hits you.
You die...

Skill      XL: |  1  2  3  4 |
---------------+-------------+-----
Dodging        | 1 2 |  2.9
Stealth        | 2 3 |  3.5
Unarmed Combat | 5 |  5.3
Fighting       | |  4.6
Evocations     | |  1.1

Action                   |  1- 3 |  4- 6 || total
-------------------------+-------+-------++-------
Melee: Unarmed           |    91 |   100 ||   191
       Bite              |     8 |    12 ||    20
       Punch             |     1 |     4 ||     5
Evoke: Wand              |       |     1 ||     1
  Use: Scroll            |     1 |     3 ||     4
 Stab: Sleeping          |     6 |     7 ||    13
       Distracted        |       |     1 ||     1
  Eat: Chunk             |     9 |     3 ||    12
Armor: Skin              |     6 |     3 ||     9
Dodge: Dodged            |    51 |    67 ||   118

Levels and vault maps discovered:
D:1:      elethiomel_arrival_maze, layout_basic
D:2:      layout_basic, marbit_many_paths, uniq_sigmund
D:3:      layout_rooms, grunt_temple_overflow_lords_of_destruction,
          lemuel_coloured_pillars_altar, nicolae_dithmenos_shadow_blocks,
          first_ration, uniq_jessica, uniq_crazy_yiuf_cottage, uniq_robin

Notes
Turn   | Place    | Note
-------+----------+-------------------------------------------
     0 | D:1      | TripHop the Felid Wanderer began the quest for the Orb.
     0 | D:1      | TripHop set off with the following items: a scroll of fear,
                  | a potion of haste {@q3}, 2 potions of curing {@q1}, a
                  | ration {@e1}
     0 | D:1      | Reached XP level 1. HP: 11/11 MP: 2/2
   237 | D:1      | Reached XP level 2. HP: 15/15 MP: 3/3
   256 | D:1      | Reached skill level 1 in Dodging
   429 | D:1      | Reached skill level 2 in Stealth
   771 | D:1      | Reached XP level 3. HP: 9/18 MP: 4/4
  1256 | D:2      | Noticed Sigmund
  1896 | D:2      | Reached XP level 4. HP: 17/22 MP: 5/5
  2043 | D:2      | Reached skill level 2 in Dodging
  2129 | D:2      | Identified a potion of resistance
  2807 | D:3      | Reached skill level 3 in Stealth
  3079 | D:3      | Noticed Jessica
  3082 | D:3      | Killed Jessica
  3082 | D:3      | Reached skill level 5 in Unarmed Combat
  3108 | D:3      | Reached XP level 5. HP: 22/25 MP: 6/6
  3122 | D:3      | Found a runed translucent door.
  3123 | D:3      | Noticed Crazy Yiuf
  3142 | D:3      | Noticed Robin
  3443 | D:3      | Found a bloodstained altar of Trog.
  3526 | D:3      | Slain by an orc
  3527 | D:3      | Reached XP level 4. HP: -3/22 MP: 5/5
  3548 | D:3      | HP: 1/22 [orc wizard/+0 dagger (2)]
  3548 | D:3      | Slain by a hobgoblin

Vanquished Creatures
  An orc priest (D:3)
  Jessica (D:3)
  5 adders
  4 oozes
  A worm (D:2)
  A dart slug (D:2)
  A leopard gecko (D:1)
  6 orcs (D:3)
  5 bats
  3 giant cockroaches
  5 goblins
  6 hobgoblins
  12 jackals
  7 kobolds
  A frilled lizard (D:2)
  6 rats
65 creatures vanquished.

Vanquished Creatures (others)
  A fungus (D:3)
1 creature vanquished.

Grand Total: 66 creatures vanquished

Table legend:
 A = Turns spent in this place as a percentage of turns spent in the entire game.
 B = Non-inter-level travel turns spent in this place as a percentage of non-inter-level travel turns spent in the entire game.
 C = Inter-level travel turns spent in this place as a percentage of turns spent in this place.
 D = Turns resting spent in this place as a percentage of non-inter-level travel turns spent in this place.
 E = Turns spent auto-exploring this place as a percentage of non-inter-level travel turns spent in this place.
 F = Non-inter-level travel turns spent in this place divided by the number of levels of this place that you've seen.
                   A       B       C       D       E      F
               +-------+-------+-------+-------+-------+----------------------
         Total | 100.0 | 100.0 |   6.5 |  46.1 |  15.4 | 1106.3
       Dungeon | 100.0 | 100.0 |   6.5 |  46.1 |  15.4 | 1106.3
               +-------+-------+-------+-------+-------+----------------------

Table legend:
 A = Non-vault XP
 B = Vault XP
 C = Vault XP percentage of total XP
 D = Non-vault monster count
 E = Vault monster count
 F = Vault count percentage of total count
                 A         B        C        D         E       F
            +---------+---------+-------+---------+---------+-------
      Total |     244 |      37 |  13.2 |      64 |       1 |   1.5
            +---------+---------+-------+---------+---------+-------
        D:1 |      54 |       0 |   0.0 |      23 |       0 |   0.0
        D:2 |      79 |       0 |   0.0 |      19 |       0 |   0.0
        D:3 |     111 |      37 |  25.0 |      22 |       1 |   4.3
            +---------+---------+-------+---------+---------+-------
